 Dungeon Crawl Stone Soup version 0.30-a0-331-g8ab09dc110 (webtiles) character file.

Game seed: 6558834002048520737

9356 p00ps00p the Protected (level 11, 0/99 HPs)
             Began as a Hill Orc Fighter on Oct 29, 2022.
             Was an Initiate of Gozag.
             Slain by a freezing wraith (7 damage)
             ... on level 9 of the Dungeon.
             The game lasted 00:34:40 (10695 turns).

p00ps00p the Protected (Hill Orc Fighter)          Turns: 10695, Time: 00:34:40

Health: 0/99       AC: 17    Str: 28    XL:     11   Next: 45%
Magic:  11/11      EV: 14    Int: 13    God:    Gozag
Gold:   814        SH:  6    Dex: 12    Spells: 10/10 levels left

rFire   . . .      SeeInvis .    l - +3 war axe (freeze)
rCold   . . .      Faith    .    c - +0 buckler
rNeg    . . .      Spirit   .    A - +5 ring mail "Quseypni" {Will+++ rCorr Int+5}
rPois   .          Reflect  .    C - +2 helmet
rElec   .          Harm     .    (no cloak)
rCorr   +          Rampage  .    p - +0 pair of gloves
Will    +++..                    k - +2 pair of boots
Stlth   +.........               (no amulet)
HPRegen 0.36/turn                d - +6 ring of strength
MPRegen 0.12/turn                o - +4 ring of evasion

@: corroded, slowed, very slow
A: no striking features
a: Renounce Religion, Potion Petition, Call Merchant, Bribe Branch


You were on level 9 of the Dungeon.
You worshipped Gozag.
Gozag was pleased with you.
You visited 2 branches of the dungeon, and saw 10 of its levels.

You collected 1518 gold pieces.
You spent 624 gold pieces at shops.
You paid 80 gold pieces to Gozag.

Inventory:

Hand Weapons
 a - a +0 war axe
 b - the +5 short sword of Anguish {venom, rF++ Will++ Str-2}
   (You found it on level 5 of the Dungeon)

   It poisons the flesh of those it strikes.
   Str:       It affects your strength (-2).
   rF:        It greatly protects you from fire.
   Will:      It greatly increases your willpower.
 l - a +3 war axe of freezing (weapon)
 z - a +2 spear of flaming
Missiles
 n - 12 poisoned darts (quivered)
 K - 4 throwing nets
Armour
 c - a +0 buckler (worn)
 k - a +2 pair of boots (worn)
 p - a +0 pair of gloves (worn)
 y - a scarf of harm
 A - the +5 ring mail "Quseypni" (worn) {Will+++ rCorr Int+5}
   (You found it on level 6 of the Dungeon)

   Int:       It affects your intelligence (+5).
   rCorr:     It protects you from acid and corrosion.
   Will:      It greatly increases your willpower.
 C - a +2 helmet (worn)
 G - the +1 ring mail "Imaubefe" {rPois}
   (You bought it in a shop on level 8 of the Dungeon)

   rPois:     It protects you from poison.
Jewellery
 d - a +6 ring of strength (left hand)
 o - a +4 ring of evasion (right hand)
Wands
 s - a wand of polymorph (28)
 v - a wand of flame (30)
 F - a wand of mindburst (23)
 I - a wand of light (10)
 J - a wand of roots (9)
 L - a wand of paralysis (6)
Scrolls
 f - 2 scrolls of noise
 h - a scroll of poison {unknown}
 j - 3 scrolls of amnesia
 m - a scroll of enchant weapon {unknown}
 w - 2 scrolls of magic mapping
 x - 3 scrolls of enchant armour
 B - a scroll of summoning
 D - a scroll of vulnerability {unknown}
 E - 2 scrolls of fog
 H - a scroll of immolation {unknown}
Potions
 e - a potion of mutation {unknown}
 g - a potion of lignification
 i - 3 potions of attraction
 q - a potion of flight {unknown}
 r - 2 potions of curing {unknown}
 t - 5 potions of brilliance
 u - a potion of degeneration {unknown}
 M - a potion of might


   Skills:
 + Level 9.9 Fighting
 + Level 10.3 Axes
 + Level 11.3 Armour
 + Level 11.3 Shields


You had 10 spell levels left.
You didn't know any spells.
Your spell library contained the following spells:

 Spells                   Type           Power      Damage    Failure   Level
 Apportation              Tloc           0%         N/A       45%         1
 Magic Dart               Conj           0%         1d3       45%         1
 Searing Ray              Conj           0%         2d4       58%         2
 Gell's Gravitas          Tloc           0%         N/A       83%         3
 Teleport Other           Tloc           0%         N/A       83%         3
 Fulminant Prism          Conj/Hex       0%         3d5       99%         4
 Alistair's Intoxication  Tmut/Pois      0%         N/A       100%        5
 Dispersal                Tloc           0%         N/A       100%        6


Dungeon Overview and Level Annotations

Branches:
Dungeon (9/15)             Temple (1/1) D:5            Lair (0/5) D:8
    Orc (0/2) D:9

Altars:
Ashenzari
Cheibriados
Dithmenos
Elyvilon
Fedhas
Gozag
Hepliaklqana
Kikubaaqudgha
Makhleb
Nemelex Xobeh
Okawaru
Qazlal
Ru
Sif Muna
Trog
Uskayaw
Vehumet
Xom
Yredelemnul
Zin
The Shining One
Beogh

Shops:
D:8 [


Message History

You now have enough gold to fund merchants seeking to open stores in the dungeon.
You now have 814 gold pieces (gained 26).
N - a scroll of identify
t - 5 orange potions (gained 1)
As you read the scroll of identify, it crumbles to dust.
t - 5 potions of brilliance A freezing wraith comes into view.
You see here a +0 shortbow.
An acid dragon comes into view.
The acid dragon roars!
The acid dragon spits acid at you.
The splash of acid hits you but does no damage.
The acid corrodes you!
Things that are here:
a +0 short sword; a curare-tipped dart The freezing wraith hits you!
The freezing wraith freezes you!
The freezing wraith completely misses you.
The freezing wraith completely misses you.
The freezing wraith misses you.
You barely miss the freezing wraith. The freezing wraith closely misses you.
The freezing wraith hits you. The freezing wraith drains your vigour!
You feel yourself slow down.
You hit the freezing wraith.
The freezing wraith is lightly damaged.
The freezing wraith hits you. The freezing wraith freezes you!
You block the freezing wraith's attack.
You hit the freezing wraith but do no damage.
The freezing wraith is lightly damaged.
The freezing wraith hits you! The freezing wraith freezes you!!
The freezing wraith hits you but does no damage. x3
You slash the freezing wraith!
The freezing wraith is moderately damaged.
You barely miss the acid dragon. The acid dragon barely misses you.
The acid dragon closely misses you. The freezing wraith hits you.
* * * LOW HITPOINT WARNING * * *
The freezing wraith freezes you!!
* * * LOW HITPOINT WARNING * * *
The freezing wraith hits you!
You die...
Your body crumbles into a pile of gold.

.#####.###.#.........# $
.........#.#.#.#.#.#.###
.#..<....#..............
.#.......#.#.#.#.#.#.###
.#.......#.#.........#
.#.......#.#.#.#)#.#.#
#####+#...#...))....#$ #
#.#.#####D#########.##
.#######........@W...........
..........########..#........
...............# #...........
#######.######.###...########
#.....<...#.##..#.#
#.###.....#.##....# #
#.......#.#...###
#######.....#.......
.........>..........


You could see a freezing wraith and an acid dragon.

Vanquished Creatures
  Harold (D:9)
  A two-headed ogre (D:8)
  3 death yaks (D:8)
  Joseph (D:7)
  A komodo dragon (shapeshifter) (D:9)
  A tengu conjurer (D:9)
  A troll (D:9)
  A wraith (D:9)
  5 yaks (D:9)
  3 water moccasins
  A sky beast (D:6)
  9 orc warriors
  An ice beast (D:6)
  A black bear (D:5)
  4 centaurs
  3 ogres (D:5)
  2 phantoms
  3 kobold brigands
  2 bullfrogs
  A scorpion (D:7)
  A gnoll sergeant (D:8)
  A necrophage (D:5)
  13 wights
  A killer bee (D:9)
  2 jellies
  A gnoll bouda (D:8)
  6 hounds
  8 orc priests
  Crazy Yiuf (D:7)
  Ijyb (D:5)
  3 iguanas
  Terence (D:3)
  5 orc wizards
  3 hell rats (D:8)
  8 gnolls
  2 adders
  2 river rats (D:8)
  A shadow imp (D:6)
  A worm (D:3)
  3 dart slugs
  40 orcs
  7 endoplasms
  2 giant cockroaches (D:3)
  2 goblins
  3 hobgoblins
  13 jackals
  9 kobolds
  9 quokkas
  6 ball pythons
  10 bats
  2 frilled lizards (D:3)
  9 rats
221 creatures vanquished.

Vanquished Creatures (others)
  A bullfrog (D:8)
  A plant (D:6)
2 creatures vanquished.

Grand Total: 223 creatures vanquished

Notes
Turn   | Place    | Note
-------+----------+-------------------------------------------
     0 | D:1      | p00ps00p the Hill Orc Fighter began the quest for the Orb.
     0 | D:1      | Reached XP level 1. HP: 19/19 MP: 1/1
    22 | D:1      | Reached XP level 2. HP: 7/27 MP: 2/2
   436 | D:1      | Reached XP level 3. HP: 34/34 MP: 3/3
  1410 | D:2      | Found a hide-covered altar of Uskayaw.
  1569 | D:2      | Reached XP level 4. HP: 41/41 MP: 4/4
  2145 | D:3      | Noticed Terence
  2158 | D:3      | Killed Terence
  2159 | D:3      | Reached skill level 5 in Fighting
  2492 | D:3      | Reached skill level 5 in Axes
  2603 | D:3      | Identified the +4 buckler of Mebb {*Corrode Int+8 SInv
                  | Stlth+}
  2721 | D:3      | Reached XP level 5. HP: 47/48 MP: 5/5
  2858 | D:4      | Found a burning altar of Makhleb.
  3344 | D:4      | Reached XP level 6. HP: 51/57 MP: 6/6
  3566 | D:5      | Entered Level 5 of the Dungeon
  3663 | D:5      | Noticed Ijyb
  3676 | D:5      | Killed Ijyb
  3695 | D:5      | Identified the +5 short sword of Anguish {venom, rF++
                  | Will++ Str-2}
  3710 | D:5      | Reached XP level 7. HP: 37/66 MP: 7/7
  4339 | D:5      | Found a staircase to the Ecumenical Temple.
  4382 | Temple   | Entered the Ecumenical Temple
  4407 | Temple   | Became a worshipper of Gozag Ym Sagoz the Greedy
  4477 | D:5      | Found a bloodstained altar of Trog.
  4491 | D:5      | Reached XP level 8. HP: 73/74 MP: 8/8
  4971 | D:6      | Identified the +5 ring mail "Quseypni" {Will+++ rCorr
                  | Int+5}
  5517 | D:6      | Found a hazy altar of Hepliaklqana.
  5868 | D:6      | Reached skill level 5 in Armour
  5868 | D:6      | Reached skill level 5 in Shields
  6071 | D:7      | Noticed Joseph
  6089 | D:7      | Killed Joseph
  6090 | D:7      | Reached XP level 9. HP: 45/81 MP: 9/9
  7357 | D:7      | Found a runed translucent door.
  7358 | D:7      | Noticed Crazy Yiuf
  7441 | D:7      | Killed Crazy Yiuf
  7829 | D:8      | Noticed a death yak
  7833 | D:8      | Noticed a death yak
  7838 | D:8      | Noticed a death yak
  7852 | D:8      | HP: 3/81 [death yak (22)]
  7856 | D:8      | Killed a death yak
  7856 | D:8      | Found a broken altar of Ashenzari.
  7857 | D:8      | Reached XP level 10. HP: 3/88 MP: 10/10
  8462 | D:8      | Killed a death yak
  8848 | D:8      | Found a shimmering blue altar of Sif Muna.
  8848 | D:8      | Found a radiant altar of Vehumet.
  8936 | D:8      | Noticed a two-headed ogre
  8952 | D:8      | Killed a two-headed ogre
  8953 | D:8      | Reached skill level 10 in Armour
  8953 | D:8      | Reached skill level 10 in Shields
  9327 | D:8      | Found a sacrificial altar of Ru.
  9391 | D:8      | Found a staircase to the Lair.
  9471 | D:8      | Found Egyfuzil's Antique Armour Shop.
  9481 | D:8      | Bought a pair of runed boots for 195 gold pieces
  9481 | D:8      | Bought a runed helmet for 195 gold pieces
  9481 | D:8      | Bought a smelly ring mail for 234 gold pieces
  9481 | D:8      | Identified the +1 ring mail "Imaubefe" {rPois} (You bought
                  | it in a shop on level 8 of the Dungeon)
  9559 | D:8      | Killed a death yak
 10092 | D:9      | Reached XP level 11. HP: 50/97 MP: 11/11
 10245 | D:9      | Noticed Harold
 10257 | D:9      | Killed Harold
 10337 | D:9      | Found a roughly hewn altar of Beogh.
 10337 | D:9      | Found a staircase to the Orcish Mines.
 10373 | D:9      | Reached skill level 10 in Axes
 10695 | D:9      | Slain by a freezing wraith

Illustrated notes

Levels and vault maps discovered:
D:1:      minmay_arrival_split_and_join, layout_basic, serial_rivers,
          chequers_serial_rivers_small_a, chequers_serial_rivers_large_a,
          chequers_serial_rivers_small_b, chequers_serial_rivers_room_b,
          chequers_serial_rivers_room_a
D:2:      layout_basic, basic_altar
D:3:      layout_rooms, uniq_terence
D:4:      layout_gridville, lightli_temple_of_fire
D:5:      layout_loops_ring, lemuel_round_altar, minmay_temple_entry_waves,
          hangedman_decor_riveting, st_stairs_5, serial_park_tiny_1, uniq_ijyb
D:6:      layout_gridville, nicolae_hepliaklqana_hazy_memory
D:7:      layout_rooms, dreamdust_princess_corridor, uniq_crazy_yiuf_cottage,
          uniq_joseph
D:8:      layout_cave_pods, jmf_multi_god_temple, nicolae_ashenzari_panopticon,
          nicolae_ru_the_path_less_chosen, dpeg_lair_monsters, serial_shops,
          nicolae_shop_waterfront
D:9:      minmay_the_grid_3x2 [minmay_the_grid_zigzag_pyramid,
          minmay_the_grid_armoury, minmay_the_grid_empty, minmay_the_grid_box_x,
          minmay_the_grid_minigrid_small, minmay_the_grid_prize_big_room],
          layout_basic, pdpol_wu_jian_five_deadly_venoms, david_orc_5,
          serial_glass, glass_columns_a, glass_columns_a, uniq_harold
Temple:   nicolae_temple_ecumenical_triangle

Skill      XL: |  1  2  3  4  5  6  7  8  9 10 11 |
---------------+----------------------------------+-----
Fighting       | 4 5 6 7 8 9 |  9.9
Axes           | 3 4 5 6 7 8 9 10 | 10.3
Armour         | 6 9 10 11 | 11.3
Shields        | 6 9 10 11 | 11.3

Action                   |  1- 3 |  4- 6 |  7- 9 | 10-12 || total
-------------------------+-------+-------+-------+-------++-------
Melee: War axe           |   109 |   194 |   158 |   194 ||   655
       Short sword       |       |       |   105 |       ||   105
  Use: Scroll            |     2 |       |     6 |     4 ||    12
       Potion            |       |     1 |     8 |       ||     9
 Stab: Distracted        |       |       |       |     1 ||     1
Armor: Scale mail        |    74 |   108 |     8 |       ||   190
       Ring mail         |       |       |   121 |   103 ||   224
Dodge: Dodged            |    78 |   168 |   223 |   148 ||   617
Block: Buckler           |    40 |    59 |   106 |    79 ||   284

Table legend: (Time is in decaauts)
 A = Elapsed time spent in this place.
 B = Non-inter-level travel time spent in this place.
 C = Inter-level travel time spent in this place.
 D = Time resting spent in this place.
 E = Time spent auto-exploring this place.
 F = Levels seen in this place.
 G = Mean time per level.
                   A        B        C        D        E       F      G
               +--------+--------+--------+--------+--------+-----+--------+
         Total |  10853 |  10506 |    347 |   2455 |   5491 |  10 | 1085.3 |
       Dungeon |  10808 |  10467 |    341 |   2455 |   5469 |   9 | 1200.9 |
        Temple |     44 |     38 |      6 |      0 |     22 |   1 |   44.0 |
               +--------+--------+--------+--------+--------+-----+--------+

Top non-repeatable levels by time:
     D:8: 2570 daAuts
     D:7: 1357 daAuts
     D:6: 1318 daAuts
     D:5: 1256 daAuts
     D:1: 1253 daAuts
     D:2: 959 daAuts
     D:4: 788 daAuts
     D:3: 666 daAuts
     D:9: 638 daAuts
  Temple: 44 daAuts
